Workbook
Name \0: '[1]CRA.MODI'!#REF!
Name \0: '[1]CRA.MODI'!#REF!
Name \a: #REF!
Name \a: #REF!
Name __________________________________________________i1: #REF!
Name __________________________________________________i1: #REF!
Name _________________________________________________i1: #REF!
Name ________________________________________________i1: #REF!
Name _______________________________________________i1: #REF!
Name ______________________________________________i1: #REF!
Name _____________________________________________i1: #REF!
Name ____________________________________________i1: #REF!
Name ___________________________________________i1: #REF!
Name __________________________________________i1: #REF!
Name _________________________________________i1: #REF!
Name ________________________________________i1: #REF!
Name _______________________________________i1: #REF!
Name ______________________________________i1: #REF!
Name _____________________________________i1: #REF!
Name ____________________________________i1: #REF!
Name ___________________________________i1: #REF!
Name __________________________________i1: #REF!
Name _________________________________i1: #REF!
Name ________________________________i1: #REF!
Name _______________________________i1: #REF!
Name ______________________________i1: #REF!
Name _____________________________i1: #REF!
Name ____________________________i1: #REF!
Name ___________________________i1: #REF!
Name __________________________i1: #REF!
Name _________________________i1: #REF!
Name ________________________i1: #REF!
Name _______________________i1: #REF!
Name ______________________i1: #REF!
Name _____________________i1: #REF!
Name ____________________i1: #REF!
Name ___________________i1: #REF!
Name __________________AFC1: [2]INV!$A$25:$D$28
Name __________________AFC3: [2]INV!$F$25:$I$28
Name __________________AFC5: [2]INV!$K$25:$N$28
Name __________________BGC1: [2]INV!$A$5:$D$8
Name __________________BGC3: [2]INV!$F$5:$I$8
Name __________________BGC5: [2]INV!$K$5:$N$8
Name __________________CAC1: [2]INV!$A$19:$D$22
Name __________________CAC3: [2]INV!$F$19:$I$22
Name __________________CAC5: [2]INV!$K$19:$N$22
Name __________________i1: #REF!
Name __________________MA2: #REF!
Name __________________SBC1: [2]INV!$A$12:$D$15
Name __________________SBC3: [2]INV!$F$12:$I$15
Name __________________SBC5: [2]INV!$K$12:$N$15
Name _________________AFC1: [2]INV!$A$25:$D$28
Name _________________AFC3: [2]INV!$F$25:$I$28
Name _________________AFC5: [2]INV!$K$25:$N$28
Name _________________BGC1: [2]INV!$A$5:$D$8
Name _________________BGC3: [2]INV!$F$5:$I$8
Name _________________BGC5: [2]INV!$K$5:$N$8
Name _________________CAC1: [2]INV!$A$19:$D$22
Name _________________CAC3: [2]INV!$F$19:$I$22
Name _________________CAC5: [2]INV!$K$19:$N$22

Sheet PRESUPUESTO
A1: PRESUPUESTO OFICIAL
A3: OBJETO: | C3: Interventoría para la Construcción de la infraestructura para la conservación de los bienes arqueológicos, hallados durante la ejecución del corredor vial de Metroplús, denominada “Casa Ángel”, como fortalecimiento del patrimonio cultural del Municipio de Envigado.
A4: PLAZO (MESES): | C4: 4
A6: 1. CALCULO DE PERSONAL
A8: ITEM | B8: CARGO | C8: PROFESION | D8: CANT. | E8: % UTILIZACION | F8: SALARIO BASICO | G8: No. DE MESES | H8: VALOR TOTAL
A9: 1 | B9: Residente de interventoría | C9: Ingeniero civil | D9: 1 | E9: 1 | F9: =+'TABLA SALARIAL'!F16 -> 4397142.9 | G9: =+C$4 -> 4 | H9: =E9*F9*G9*D9 -> 17588571
A10: 2 | B10: Profesional Social-Ambiental | C10: Profesional Social-Ambiental | D10: 1 | E10: 0.5 | F10: =+'TABLA SALARIAL'!F19 -> 2931428.6 | G10: 4 | H10: =E10*F10*G10*D10 -> 5862857.2
A11: 3 | B11: Tecnólogo en seguridad y salud en el trabajo | C11: Tecnólogo SST | D11: 1 | E11: 0.5 | F11: =+'TABLA SALARIAL'!F20 -> 2565000 | G11: 4 | H11: =E11*F11*G11*D11 -> 5130000
A12: 1. TOTAL SALARIOS DE PERSONAL | H12: =SUM(H9:H11) -> 28581429
A14: 2. CALCULO FACTOR MULTIPLICADOR PERSONAL
A16: ITEM | B16: DESCRIPCION | C16: PORCENTAJE (%)
A17: 1 | B17: SUELDO | C17: 1
A18: 2 | B18: PRESTACIONES SOCIALES
A19: 2.1 | B19: PRESTACIONES LEGALES | C19: =SUM(C20:E23) -> 0.2183
B20: CESANTIAS ANUALES | C20: 0.0833
B21: INTERES SOBRE CESANTIA | C21: 0.01
B22: VACACIONES ANUALES (15 DIAS) | C22: 0.0417
B23: PRIMA ANUAL DE SERVICIOS | C23: 0.0833
A24: 2.2 | B24: APORTES PARAFISCALES | C24: =C25 -> 0.04
B25: CAJA DE COMPENSACION | C25: 0.04
A26: 2.3 | B26: SEGURIDAD SOCIAL | C26: =SUM(C27:E29) -> 0.2746
B27: SISTEMA DE SEGURIDAD SOCIAL : SALUD | C27: 0.085
B28: SISTEMA DE SEGURIDAD SOCIAL : PENSIÒN | C28: 0.12
B29: ARP PERSONAL EN OBRA | C29: 0.0696
A30: 2.4 | B30: OTROS COSTOS PRESTACIONALES | C30: =C31+C32 -> 0.06
B31: PRESTACIONES EXTRALEGALES Y AUXILIOS | C31: 0.05
B32: DOTACION | C32: 0.01
B33: SEGURO COLECTIVO | C33: 0
B34: SEGURO COLECTIVO | C34: 0
A35: 3 | B35: HONORARIOS | C35: 0.3
A36: 2. F. M. PERSONAL | D36: =C17+C19+C24+C26+C30+C35 -> 1.8929
D37: =ROUNDUP(D36,2) -> 1.9
A38: (1)* (2) =SUB TOTAL PERSONAL CON F.M. | D38: =+$D$37*$H$12 -> 54304714
A40: 3. CALCULO DE COSTOS REEMBOLSABLES
A42: ITEM | B42: DESCRIPCION | C42: CANTIDAD MES | D42: UNIDAD | E42: VALOR UNITARIO MES | F42: No. DE MESES | G42: VALOR TOTAL
A43: 1 | B43: INSUMOS
A44: 1.1 | B44: Provisión para compra de insumos y servicios autorizados por el supervisor del contrato | C44: 1 | D44: und | E44: 150000 | F44: 4 | G44: =E44*F44*C44 -> 600000
A45: 1.2 | B45: Plan de celular (voz y datos) | C45: 1 | D45: und | E45: 50000 | F45: 4 | G45: =E45*F45*C45 -> 200000
A46: 2 | B46: EQUIPOS
A47: 2.1 | B47: Alquiler de equipos de computo requeridos y autorizados por el supervisor del contrato | C47: 2 | D47: und | E47: 200000 | F47: 4 | G47: =E47*F47*C47 -> 1600000
A48: 3 | B48: ASESORIAS Y ENSAYOS DE LABORATORIO
A49: 3.1 | B49: Horas de asesorias requeridas por la interventoria previa autorización del supervisor | C49: 4 | D49: hora | E49: 250000 | F49: 4 | G49: =E49*F49*C49 -> 4000000
A50: 3.2 | B50: Ensayos de laboratorio | C50: 1 | D50: und | E50: 1000000 | F50: 4 | G50: =E50*F50*C50 -> 4000000
A51: SUB TOTAL COSTOS REEMBOLSABLES | G51: =SUM(G44:G50) -> 10400000
A52: UTILIDAD (5%) | G52: 0.05
A53: SUB TOTAL UTILIDAD (5%) | G53: =G51*G52 -> 520000
A54: (3). TOTAL COSTOS REEMBOLSABLES | G54: =+G51+G53 -> 10920000
A56: (1*2) + (3) = SUB TOTAL PERSONAL + REEMBOLSABLE | G56: =G54+D38 -> 65224714
A58: 4. COSTOS INDIRECTOS
A60: 4 | B60: GASTOS LEGALES, DE ADMINISTRACION O INDIRECTOS | C60: =C61+C74 -> 0.16822239
A61: 4.1 | B61: ADMINISTRACION | C61: =$E$73/$G$56 -> 0.12302239
B62: DETALLE | C62: SALARIO | D62: DEDICACION | E62: TOTAL
B63: GERENCIA | C63: =+'TABLA SALARIAL'!F12 -> 8794285.7 | D63: 0.1 | E63: =C63*$D$63*$C$4 -> 3517714.3
B64: SECRETARIA | C64: =+'TABLA SALARIAL'!F23 -> 1465714.3 | D64: 0.1 | E64: =C64*$D$64*C$4 -> 586285.72
B65: CONTADORA | C65: =1.0161*2500000 -> 2540250 | E65: =C65*$D$64*C$4 -> 1016100
B66: MENSAJERO | C66: =+'TABLA SALARIAL'!B6 -> 1160000 | E66: =C66*$D$64*C$4 -> 464000
B67: ALQUILER OFICINA | C67: 1200000 | E67: =C67*$D$64*C$4 -> 480000
B68: SERVICIOS PÚBLICOS | C68: 400000 | E68: =C68*$D$64*C$4 -> 160000
B69: DETALLE | C69: VALOR MES | D69: MESES | E69: TOTAL
B70: PAPELERIA Y FACTURACIÓN | C70: 150000 | D70: 4 | E70: =C70*D70 -> 600000
B71: COMUNICACIÓN | C71: 150000 | D71: 4 | E71: =C71*D71 -> 600000
B72: OTROS (CAMARAS, USB) | C72: 150000 | D72: 4 | E72: =C72*D72 -> 600000
B73: SUBTOTAL ADMINISTRACION | E73: =SUM(E63:E68,E70:E72) -> 8024100
A74: 4.2 | B74: LEGALES | C74: =SUM(C75:C75) -> 0.0452
B75: GASTOS LEGALES | C75: 0.0452
A76: 4. % COSTOS INDIRECTOS | D76: =+C61+C74 -> 0.16822239
D77: =ROUNDUP(D76,2) -> 0.17
A78: SUB TOTAL COSTOS DIRECTOS + INDIRECTOS | D78: =$D$77*$G$56 -> 11088201
A80: 5. RESUMEN TOTAL
A82: ITEM | B82: DESCRIPCION | C82: VALOR
A83: 1 | B83: SUB TOTAL PERSONAL CON F.M. | C83: =ROUND(D38,0) -> 54304714
A84: 2 | B84: SUB TOTAL COSTOS REEMBOLSABLES | C84: =ROUND(G54,0) -> 10920000
A85: 3 | B85: SUB TOTAL (1+2) | C85: =+C83+C84 -> 65224714
A86: 4 | B86: % COSTOS INDIRECTOS | C86: =+D77 -> 0.17
A87: 5 | B87: VALOR COSTOS INDIRECTOS | C87: =ROUND(D78,0) -> 11088201
A88: 6 | B88: TOTAL RECURSOS A ADMINISTRAR | C88: =+C87+C85 -> 76312915
A89: 8 | B89: IVA RECURSOS A ADMINISTRAR (19%) | C89: =0.19*C88 -> 14499454
A90: VALOR TOTAL DEL CONTRATO | C90: =+C88+C89 -> 90812369

Sheet TABLA SALARIAL
B1: TABLA SALARIAL
A6: SMMLV (2023) | B6: 1160000
A7: F.P | B7: =D46+1 -> 1.582846
A9: CARGO / EXPERIENCIA | B9: EXPERIENCIA GENERAL (AÑOS) | C9: EXPERIENCIA ESPECIFICA (AÑOS) | D9: N° SMMLV | E9: VALOR SMMLV | F9: SALARIO BASE
A11: DIRECTOR CATEGORIA 1 | B11: 12 | C11: 10 | D11: 16 | E11: =$B$6*D11 -> 18560000 | F11: =E11/$B$7 -> 11725714
A12: DIRECTOR CATEGORIA 2 | B12: 10 | C12: 7 | D12: 12 | E12: =$B$6*D12 -> 13920000 | F12: =E12/$B$7 -> 8794285.7
A13: RESIDENTE CATEGORIA 3 | B13: 8 | C13: 5 | D13: 9.5 | E13: =$B$6*D13 -> 11020000 | F13: =E13/$B$7 -> 6962142.9
A14: RESIDENTE CATEGORIA 4 | B14: 6 | C14: 4 | D14: 8 | E14: =$B$6*D14 -> 9280000 | F14: =E14/$B$7 -> 5862857.2
A15: RESIDENTE CATEGORIA 5 | B15: 4 | C15: 3 | D15: 6.5 | E15: =$B$6*D15 -> 7540000 | F15: =E15/$B$7 -> 4763571.4
A16: RESIDENTE CATEGORIA 6 | B16: 3 | C16: 1 | D16: 6 | E16: =$B$6*D16 -> 6960000 | F16: =E16/$B$7 -> 4397142.9
A17: RESIDENTE CATEGORIA 7 | B17: 2 | C17: - | D17: 5 | E17: =$B$6*D17 -> 5800000 | F17: =E17/$B$7 -> 3664285.7
A18: RESIDENTE CATEGORIA 8 | B18: < 2 | C18: - | D18: 4.5 | E18: =$B$6*D18 -> 5220000 | F18: =E18/$B$7 -> 3297857.2
A19: TECNOLOGO AREA DE INGENIERIA | B19: - | C19: - | D19: 4 | E19: =$B$6*D19 -> 4640000 | F19: =E19/$B$7 -> 2931428.6
A20: AUXILIAR DE INGENIERIA | B20: - | C20: - | D20: 3.5 | E20: =$B$6*D20 -> 4060000 | F20: =E20/$B$7 -> 2565000
A21: ENCARGADO DE OBRA | B21: - | C21: - | D21: 3.5 | E21: =$B$6*D21 -> 4060000 | F21: =E21/$B$7 -> 2565000
A22: ALMACENISTA | B22: - | C22: - | D22: 2.5 | E22: =$B$6*D22 -> 2900000 | F22: =E22/$B$7 -> 1832142.9
A23: SECRETARIA | B23: - | C23: - | D23: 2 | E23: =$B$6*D23 -> 2320000 | F23: =E23/$B$7 -> 1465714.3
A25: PRESTACIONES, SEGURIDAD SOCIAL Y PARAFISCALES AÑOS 2023
A27: SEGURIDAD SOCIAL | C27: % TOTAL | D27: % EMPLEADOR | E27: % EMPLEADO
A28: SALUD | C28: =+D28+E28 -> 0.125 | D28: 0.085 | E28: 0.04
A29: PENSIONES | C29: =+D29+E29 -> 0.16 | D29: 0.12 | E29: 0.04
A30: RIESGOS | C30: =+D30+E30 -> 0.0696 | D30: 0.0696 | E30: 0
A31: TOTAL | C31: =SUM(C28:C30) -> 0.3546 | D31: =SUM(D28:D30) -> 0.2746 | E31: =SUM(E28:E30) -> 0.08
A33: PARAFISCALES | C33: % TOTAL | D33: % EMPLEADOR | E33: % EMPLEADO
A34: SENA | C34: =+D34+E34 -> 0.02 | D34: 0.02 | E34: 0
A35: ICBF | C35: =+D35+E35 -> 0.03 | D35: 0.03 | E35: 0
A36: CAJA DE COMPENSACION | C36: =+D36+E36 -> 0.04 | D36: 0.04 | E36: 0
A37: TOTAL | C37: =SUM(C34:C36) -> 0.09 | D37: =SUM(D34:D36) -> 0.09 | E37: 0
A39: PRESTACIONES SOCIALES | C39: % TOTAL | D39: % EMPLEADOR | E39: % EMPLEADO
A40: CESANTIAS | C40: 0.0833 | D40: 0.0833 | E40: 0
A41: INTERESES CESANTIAS | C41: =+C40*0.12 -> 0.009996 | D41: =+D40*0.12 -> 0.009996 | E41: 0
A42: VACACIONES | C42: 0.04165 | D42: 0.04165 | E42: 0
A43: PRIMA | C43: 0.0833 | D43: 0.0833 | E43: 0
A44: TOTAL | C44: =SUM(C40:C43) -> 0.218246 | D44: =SUM(D40:D43) -> 0.218246 | E44: 0
A46: ACUMULADO SEGURIDAD SOCIAL + PRESTACIONES SOCIALES | C46: =+C31+C37+C44 -> 0.662846 | D46: =+D31+D37+D44 -> 0.582846 | E46: =+E31+E37+E44 -> 0.08
